[Event "Schack-SM 2023: Mastarklassen-elit"]
[Site "Helsingborg Arena, Mellersta Stenbocksgatan 14, Helsingborg, Sweden"]
[Date "2023.07.04"]
[Round "4.2"]
[White "Olund, Joar"]
[Black "Lokander, Martin"]
[Result "1/2-1/2"]
[TimeControl "90 minutes for 40 moves + 30 minutes for the rest of games + 30 seconds per move from move one."]
[WhiteTitle "FM"]
[BlackTitle "IM"]
[WhiteElo "2399"]
[BlackElo "2444"]

1. Nf3 d5 2. b3 Bg4 3. Bb2 Nd7 4. g3 e6 5. Bg2 Ngf6 6. c4 c6 7. h3 Bh5 8. O-O Bd6 9. Nc3 Bxf3 10.
Bxf3 dxc4 11. bxc4 Ne5 12. Qb3 Nxf3+ 13. exf3 O-O 14. d4 Rb8 15. a4 Qa5 16. Ne4 Be7 17. d5 cxd5 18. Nxf6+ Bxf6 19.
Bxf6 gxf6 20. cxd5 Qxd5 21. Qe3 Rfd8 22. Rfd1 Qa5 23. Kg2 a6 24. Qe4 Qe5 25. Qg4+ Kh8 26. Qb4 Rd5 27. Rxd5 Qxd5 28.
Rc1 Qd8 29. Rc4 b5 30. axb5 axb5 31. Rc6 Kg7 32. Rc5 Qd7 33. Qg4+ Kf8 34. Rh5 Qd3 35. Qf4 Rd8 36. Qb4+ Kg7 37.
Qg4+ Qg6 38. Rxb5 Qxg4 39. hxg4 Rd4 40. f4 Rd3 41. Ra5 Rc3 42. Rb5 Rd3 43. Rc5 Rb3 44. Ra5 Rc3 1/2-1/2

[Event "Schack-SM 2023: Junior-SM"]
[Site "Helsingborg Arena, Mellersta Stenbocksgatan 14, Helsingborg, Sweden"]
[Date "2023.07.04"]
[Round "4.5"]
[White "Lindholm, Gustav"]
[Black "Joensson, Oscar"]
[Result "1/2-1/2"]
[TimeControl "90 minutes for 40 moves + 30 minutes for the rest of the game + 30 seconds per move from move one."]
[WhiteElo "2155"]
[BlackElo "2077"]

1. d4 Nf6 2. c4 g6 3. g3 Bg7 4. Bg2 O-O 5. Nc3 d6 6. Nf3 c6 7. e4 Bg4 8. Be3 e5 9. Qd3 Bxf3 10.
Bxf3 Nbd7 11. O-O exd4 12. Bxd4 Ne5 13. Qe2 Nfd7 14. Rad1 Qe7 15. Bg2 Nb6 16. b3 c5 17. Bxe5 Bxe5 18.
Qd3 a6 19. Kh1 Bxc3 20. Qxc3 Nc8 21. Qd3 Rd8 22. Rfe1 Na7 23. f4 Nc6 24. Qf1 f6 25. Qd3 Kg7 26. Qe3 Re8 27. h4 h5 28.
Rd5 Nb4 29. Rd2 Nc6 30. Rf2 Rad8 31. f5 Ne5 32. Bh3 b5 33. fxg6 bxc4 34. bxc4 Nxc4 35. Qe2 d5 36. Qxh5 Rh8 37.
Qe2 Qxe4+ 38. Qxe4 dxe4 39. Rxe4 Rd1+ 40. Kh2 Ne5 41. Ra4 Rd6 42. Bf5 c4 43. Rb4 c3 44. Rb7+ Kh6 45. Rc7 Rd2 46.
Kg2 Nxg6 47. Bxg6 Kxg6 48. Rxc3 Rhd8 49. Ra3 Rxf2+ 50. Kxf2 Rd6 51. Ra5 f5 52. Ke3 Kf6 53. Ra4 Ke5 54.
Rc4 Rb6 55. h5 Re6 56. Rh4 Kf6+ 57. Kf4 Re2 58. a4 Ra2 59. Kf3 Ra3+ 60. Kf2 Ra2+ 61. Ke1 Ra1+ 62. Kd2 Ra2+ 63. Kc3 Ra3+ 64.
Kb4 Rxg3 65. Ka5 Rg4 66. Rh1 Kg7 67. Rf1 Kf6 68. h6 Rh4 69. h7 Rxh7 70. Kxa6 Ke5 71. a5 Ke4 72. Kb6 f4 73.
a6 f3 74. a7 Rxa7 75. Kxa7 Ke3 76. Kb6 Ke2 77. Rxf3 Kxf3 1/2-1/2

[Event "Schack-SM 2023: Veteran-SM 65+"]
[Site "Helsingborg Arena, Mellersta Stenbocksgatan 14, Helsingborg, Sweden"]
[Date "2023.07.04"]
[Round "4.4"]
[White "Alquist, Erik"]
[Black "Hedin, Gunnar"]
[Result "1/2-1/2"]
[TimeControl "90 minutes for 40 moves + 30 minutes for the rest of games + 30 seconds per move from move one."]
[WhiteElo "1936"]
[BlackElo "2093"]

1. e4 e6 2. d4 d5 3. Nc3 Bb4 4. e5 c5 5. a3 Bxc3+ 6.
bxc3 Ne7 7. Qg4 Kf8 8. h4 Qa5 9. Bd2 Qa4 10. h5 h6 11. Rh3 Nbc6 12. Qf4 b6 13. Rf3 Nd8 14. dxc5 Qxf4 15.
Bxf4 bxc5 16. Be3 Ndc6 17. Bxc5 Nxe5 18. Rf4 Nd7 19. Bd6 f6 20. Nf3 Kf7 21. Bb5 Nf5 22. Rxf5 exf5 23. Bc6 Nb6 24.
Bxa8 Re8+ 25. Kd1 Nxa8 26. Nd4 Nb6 27. Bc5 Na4 28. Bb4 Nb2+ 29. Kc1 Nc4 30. Kb1 a5 31. Bc5 Nd2+ 32. Kb2 Ne4 33.
Bb6 Nd6 34. Ka2 1/2-1/2

[Event "Schack-SM 2023: Veteran-SM 50+"]
[Site "Helsingborg Arena, Mellersta Stenbocksgatan 14, Helsingborg, Sweden"]
[Date "2023.07.04"]
[Round "4.4"]
[White "Svensson, Hakan"]
[Black "Nilsson, Patrik 1968"]
[Result "0-1"]
[TimeControl "90 minutes for 40 moves + 30 minutes for the rest of games + 30 seconds per move from move one."]
[WhiteElo "2054"]
[BlackElo "1931"]

1. d4 Nf6 2. Bg5 Ne4 3. Bh4 g5 4. f3 gxh4 5. fxe4 c5 6. e3 Bh6 7. Qd3 Qb6 8. Nd2 cxd4 9. Qxd4 Rg8 10.
Qxb6 axb6 11. Nc4 Rg6 12. Nf3 b5 13. Nce5 Rga6 14. a3 Bg7 15. Bxb5 Rb6 16. c4 Re6 17. Nd3 Rxe4 18. O-O Rxe3 19.
c5 Nc6 20. Rae1 Rxe1 21. Rxe1 Nd4 22. Nxd4 Bxd4+ 23. Kf1 b6 24. Re4 bxc5 25. b4 Rxa3 26. bxc5 Bf6 27. Rg4 Kf8 28. Rb4 Ba6 29.
Bxa6 Rxa6 30. Rb7 d6 31. Rb6 Ra1+ 32. Ke2 dxc5 33. Nxc5 Ra2+ 34. Kf3 Kg7 35. Ne4 e6 36. Rb7 Ra3+ 37.
Kf4 Kg6 38. Nf2 Bg5+ 39. Ke4 Ra4+ 40. Kf3 Rd4 41. h3 f5 42. Rb6 Kf6 43. Ra6 Rd5 44. Rb6 Re5 45. Nd1 Rd5 46. Nb2 Rd4 47.
Rc6 h6 48. Ra6 Ke7 49. Ra7+ Rd7 50. Ra5 Bc1 51. Nc4 Rd5 52. Ra7+ Kf6 53. Ra6 Rc5 54. Nd6 Rc3+ 55. Kf2 Ra3 56.
Rc6 Be3+ 57. Ke2 Bf4 58. Ne8+ Kf7 59. Rc8 Re3+ 60. Kf2 Rb3 61. Nc7 Bg3+ 62. Ke2 Rc3 0-1

[Event "Schack-SM 2023: Mastarklassen-elit"]
[Site "Helsingborg Arena, Mellersta Stenbocksgatan 14, Helsingborg, Sweden"]
[Date "2023.07.04"]
[Round "4.3"]
[White "Lindberg, Bengt"]
[Black "Lind, Jan-Olov"]
[Result "1/2-1/2"]
[TimeControl "90 minutes for 40 moves + 30 minutes for the rest of games + 30 seconds per move from move one."]
[WhiteTitle "IM"]
[WhiteElo "2353"]
[BlackElo "2191"]

1. e4 c5 2. Nf3 g6 3. c4 Bg7 4. d4 cxd4 5. Nxd4 Nc6 6. Be3 Nf6 7. Nc3 O-O 8. Be2 d6 9. O-O Bd7 10.
Qd2 Nxd4 11. Bxd4 Bc6 12. f3 a5 13. b3 Nd7 14. Be3 Nc5 15. Rab1 e6 16. Nb5 Be5 17. Qe1 Qe7 18. Rd1 Bxb5 19.
cxb5 d5 20. Qf2 b6 21. exd5 exd5 22. f4 Ne4 23. Qf3 Bg7 24. Bxb6 Rfe8 25. Bd3 Nc3 26. Rc1 Qb4 27. Qf2 d4 28.
Bc7 Nxb5 29. f5 Nc3 30. Bc4 Re7 31. Qf4 Qxc4 32. bxc4 Ne2+ 33. Kh1 Nxf4 34. Bxf4 Re4 35. Bd6 d3 36.
fxg6 hxg6 37. Rcd1 Rxc4 1/2-1/2

[Event "Schack-SM 2023: Veteran-SM 65+"]
[Site "Helsingborg Arena, Mellersta Stenbocksgatan 14, Helsingborg, Sweden"]
[Date "2023.07.04"]
[Round "4.5"]
[White "Green, Per"]
[Black "Quinn, David"]
[Result "1-0"]
[TimeControl "90 minutes for 40 moves + 30 minutes for the rest of games + 30 seconds per move from move one."]
[WhiteElo "1898"]
[BlackElo "2006"]

1. c4 Nf6 2. g3 g6 3. Bg2 Bg7 4. Nc3 O-O 5. d4 d6 6. h3 Nc6 7. Nf3 a6 8. e4 Rb8 9. O-O Bd7 10.
e5 Ne8 11. Qe2 b5 12. cxb5 axb5 13. Re1 Na5 14. Bg5 f6 15. exf6 exf6 16. Bf4 g5 17. Bc1 h6 18. Qd3 f5 19.
b3 Nf6 20. Bd2 b4 21. Nd1 Ne4 22. Rxe4 fxe4 23. Qxe4 Bc6 24. d5 Bd7 25. Rc1 Re8 26. Qc2 c5 27. dxc6 Nxc6 28. Qc4+ Kh8 29.
Ne3 Qf6 30. Nd5 Qg6 31. Be3 Re4 32. Qd3 Qe6 33. Nxg5 Rxe3 34. Qh7# 1-0

[Event "Schack-SM 2023: Veteran-SM 50+"]
[Site "Helsingborg Arena, Mellersta Stenbocksgatan 14, Helsingborg, Sweden"]
[Date "2023.07.04"]
[Round "4.5"]
[White "Ljung, Rickard"]
[Black "Gamback, Bjorn"]
[Result "1-0"]
[TimeControl "90 minutes for 40 moves + 30 minutes for the rest of games + 30 seconds per move from move one."]
[BlackTitle "CM"]
[WhiteElo "1939"]
[BlackElo "2048"]

1. d4 d5 2. Bf4 c6 3. e3 Qb6 4. Qc1 Bf5 5. Nf3 Nf6 6. Nh4 Be6 7. Bd3 h6 8. Nf3 g5 9. Bg3 Ne4 10.
Be5 f6 11. Bxb8 Rxb8 12. Nfd2 f5 13. Nb3 Bg7 14. f3 Nd6 15. Nc5 Bf7 16. c3 Qc7 17. Qc2 e6 18. Nd2 O-O 19. O-O-O Rbe8 20.
g4 Bg6 21. h4 e5 22. dxe5 Rxe5 23. hxg5 hxg5 24. Nf1 b6 25. Na6 Qc8 26. f4 Re4 27. gxf5 Bxf5 28. Ng3 Rxe3 29. Nxf5 Nxf5 30.
fxg5 Rf3 31. Qh2 Re8 32. Nb4 Qe6 33. Nc2 Qd6 34. Qh5 Qf4+ 35. Kb1 Re7 36. Qg6 c5 37. Qc6 Re5 38. Qa8+ Kf7 39.
Qxa7+ Ne7 40. g6+ Kf6 41. Qxb6+ Kg5 42. Qxc5 Rg3 43. Qd4 Qxd4 44. Nxd4 Ree3 45. Bc2 Bxd4 46. Rxd4 Nxg6 47. Bxg6 Kxg6 48.
Rhd1 Re2 49. R1d2 Re1+ 50. Kc2 Kf6 51. Rxd5 Ke6 52. R5d4 Rg8 53. Kb3 Ra8 54. Rh2 Re5 55. Rh6+ Ke7 56.
Rb4 Re8 57. Rb7+ Kd8 58. Rb8+ Kc7 59. Rxe8 Rxe8 60. a4 1-0

[Event "Schack-SM 2023: Sverigemastarklassen"]
[Site "Helsingborg Arena, Mellersta Stenbocksgatan 14, Helsingborg, Sweden"]
[Date "2023.07.04"]
[Round "4.5"]
[White "Blomqvist, Erik"]
[Black "Seo, Jung Min"]
[Result "1-0"]
[TimeControl "90 minutes for 40 moves + 30 minutes for the rest of the game + 30 seconds per move from move one."]
[WhiteTitle "GM"]
[BlackTitle "IM"]
[WhiteElo "2500"]
[BlackElo "2469"]

1. e4 e5 2. Nf3 Nc6 3. Bb5 Nf6 4. O-O Nxe4 5. Re1 Nd6 6. Nxe5 Be7 7. Bf1 Nxe5 8. Rxe5 O-O 9. d4 Bf6 10.
Re1 Re8 11. Nc3 Rxe1 12. Qxe1 Bxd4 13. Bf4 Ne8 14. Nd5 d6 15. Bg5 f6 16. Bh4 Bxb2 17. Rb1 Be5 18. f4 c6 19. fxe5 cxd5 20.
exf6 Nxf6 21. Bd3 Bd7 22. Qg3 Bc6 23. Bg5 Kh8 24. Qh4 Qg8 25. Bxf6 gxf6 26. Rf1 Rf8 27. Rxf6 Rxf6 28. Qxf6+ Qg7 29. Qd8+ Qg8 30. Qxd6 Qe8 31.
h3 a6 32. Kh2 Qf7 33. h4 Kg8 34. Qd8+ Be8 35. Qg5+ Kh8 36. Qe5+ Kg8 37. Be2 h6 38. Bf3 Bc6 39. Bh5 Qg7 40.
Qd6 d4 41. Bg6 Qd7 42. Qg3 Qe7 43. Bd3+ Qg7 44. Qb8+ Kf7 45. Bc4+ Ke7 46. Qc7+ Bd7 47. Qxb7 Qe5+ 48. g3 a5 49.
Bf1 Qf5 50. Qg2 Be6 51. a3 Qc5 52. Qe4 Qxa3 53. Qxd4 Qb4 54. Qg7+ Bf7 55. Qxh6 a4 56. Qg5+ Kf8 57. h5 a3 58.
h6 Qc3 59. Qd8+ Be8 60. Qd6+ Kg8 61. Bg2 Bf7 62. Be4 Kh8 63. Qd8+ 1-0

[Event "Schack-SM 2023: Mastarklassen-elit"]
[Site "Helsingborg Arena, Mellersta Stenbocksgatan 14, Helsingborg, Sweden"]
[Date "2023.07.04"]
[Round "4.4"]
[White "Crevatin, Leo"]
[Black "Wiedenkeller, Michael"]
[Result "1/2-1/2"]
[TimeControl "90 minutes for 40 moves + 30 minutes for the rest of games + 30 seconds per move from move one."]
[WhiteTitle "FM"]
[BlackTitle "IM"]
[WhiteElo "2265"]
[BlackElo "2445"]

1. d4 d5 2. c4 dxc4 3. Nf3 Nf6 4. e3 e6 5. Bxc4 c5 6. Nc3 a6 7. e4 b5 8. Bb3 c4 9. Bc2 Bb7 10.
e5 Nd5 11. Ne4 h6 12. h4 Nc6 13. O-O Qb6 14. a4 Rd8 15. axb5 axb5 16. Be3 Be7 17. Qe2 Nxe3 18. fxe3 Nb4 19.
Bb1 O-O 1/2-1/2

[Event "Schack-SM 2023: Veteran-SM 65+"]
[Site "Helsingborg Arena, Mellersta Stenbocksgatan 14, Helsingborg, Sweden"]
[Date "2023.07.04"]
[Round "4.6"]
[White "Franzen Hogberg, Thomas"]
[Black "Alfven, Jorgen"]
[Result "1-0"]
[TimeControl "90 minutes for 40 moves + 30 minutes for the rest of games + 30 seconds per move from move one."]
[WhiteElo "1998"]
[BlackElo "1726"]

1. b3 e5 2. Bb2 d6 3. c4 Nf6 4. e3 Be7 5. Nf3 O-O 6. d3 Bg4 7. h3 Bh5 8. Nbd2 Nbd7 9. Qc2 Ne8 10.
d4 Bg6 11. Bd3 Bxd3 12. Qxd3 exd4 13. exd4 Ndf6 14. O-O g6 15. Rfe1 Ng7 16. d5 Nfh5 17. g4 Bf6 18. Nd4 Nf4 19.
Qf3 Be5 20. Re4 g5 21. Bc3 Qd7 22. Rae1 Rae8 23. R4e3 f5 24. gxf5 Nxf5 25. Nxf5 Qxf5 26. Bxe5 Rxe5 27. Ne4 Rfe8 28.
Qg4 Qxg4+ 29. hxg4 Kg7 30. Nxg5 h6 31. Rxe5 Rxe5 32. Rxe5 dxe5 33. Ne4 Ne2+ 34. Kf1 Nc1 35. Nc3 Kf6 36.
f3 Kg5 37. Kf2 Nd3+ 38. Ke3 Nf4 39. Ne4+ Kg6 40. Nc5 b6 41. Nd7 Ng2+ 42. Ke4 h5 43. Nxe5+ Kg5 44. gxh5 Kxh5 45. f4 Kh6 46.
Nf7+ Kg6 47. Nd8 Kf6 48. Nc6 a5 49. a4 Ne1 50. b4 axb4 51. Nxb4 Ke7 52. Nc6+ Kd6 53. f5 Ng2 54. Nd4 Kc5 55. Ne6+ Kxc4 56. Nxc7 Nh4 57. d6 Nxf5 58. Kxf5 1-0

[Event "Schack-SM 2023: Veteran-SM 50+"]
[Site "Helsingborg Arena, Mellersta Stenbocksgatan 14, Helsingborg, Sweden"]
[Date "2023.07.04"]
[Round "4.6"]
[White "Kirppo, Ronny"]
[Black "Bengtsson, Ola"]
[Result "1-0"]
[TimeControl "90 minutes for 40 moves + 30 minutes for the rest of games + 30 seconds per move from move one."]
[WhiteElo "1886"]
[BlackElo "1991"]

1. d4 Nf6 2. c4 g6 3. Nc3 Bg7 4. Nf3 O-O 5. g3 c5 6. d5 e6 7. Bg2 exd5 8. cxd5 d6 9. O-O Na6 10.
Nd2 Nc7 11. a4 a6 12. Nc4 Rb8 13. Bf4 b5 14. axb5 axb5 15. Nxd6 Nh5 16. Nxc8 Nxf4 17. Ne7+ Qxe7 18. d6 Qd7 19.
dxc7 Qxd1 20. Rfxd1 1-0

[Event "Schack-SM 2023: Mastarklassen-elit"]
[Site "Helsingborg Arena, Mellersta Stenbocksgatan 14, Helsingborg, Sweden"]
[Date "2023.07.04"]
[Round "4.5"]
[White "Walinder, Lars"]
[Black "Thorn, Eric"]
[Result "0-1"]
[TimeControl "90 minutes for 40 moves + 30 minutes for the rest of games + 30 seconds per move from move one."]
[WhiteTitle "FM"]
[BlackTitle "FM"]
[WhiteElo "2310"]
[BlackElo "2379"]

1. c4 c5 2. Nf3 Nc6 3. d4 cxd4 4. Nxd4 Nf6 5. Nc3 e6 6. a3 Bc5 7. Nb3 Bb6 8. c5 Bc7 9. e4 O-O 10.
Be2 b6 11. cxb6 Bxb6 12. Bg5 h6 13. Bh4 Ne5 14. O-O Ng6 15. Bg3 e5 16. Qd2 Bb7 17. Bf3 Qe7 18. Rfd1 Rfd8 19. Qe2 d6 20.
Rd2 Qe6 21. Qd1 Rab8 22. a4 a6 23. Ra3 Ba8 24. h3 Ba7 25. Bg4 Nxg4 26. Qxg4 Qxg4 27. hxg4 Rb4 28. Kf1 Bxe4 29. Nxe4 Rxe4 30.
f3 Rc4 31. Ra1 Rb8 32. Na5 Rc7 33. Rxd6 Rxb2 34. Rxa6 Bb6 35. Rd1 Rcc2 36. Nb7 Bd4 37. Nd6 Rxg2 38. Rxd4 exd4 39. Ne4 Rgc2 40.
Ra8+ Kh7 41. Re8 d3 42. Be1 Rh2 43. Kg1 Rbg2+ 44. Kf1 Nf4 0-1

[Event "Schack-SM 2023: Mastarklassen"]
[Site "Helsingborg Arena, Mellersta Stenbocksgatan 14, Helsingborg, Sweden"]
[Date "2023.07.04"]
[Round "4.1"]
[White "Lundin, Jan"]
[Black "Nygren, David"]
[Result "0-1"]
[TimeControl "90 minutes for 40 moves + 30 minutes for the rest of games + 30 seconds per move from move one."]
[WhiteTitle "FM"]
[WhiteElo "2203"]
[BlackElo "2157"]

1. e4 c5 2. Nc3 a6 3. g3 Nc6 4. Bg2 g6 5. d3 Bg7 6. f4 d6 7. Nf3 e6 8. O-O Nge7 9. Rb1 O-O 10.
Bd2 b6 11. a3 Bb7 12. Ne2 d5 13. Bc3 Bxc3 14. Nxc3 dxe4 15. Nxe4 Nf5 16. Re1 Ncd4 17. c3 Bxe4 18. dxe4 Nxf3+ 19. Qxf3 Ne7 20. f5 exf5 21. exf5 Ra7 22. f6 Nf5 23. Rbd1 Rd7 24. Rxd7 Qxd7 25. Bh3 Qd2 26. Rd1 Qg5 27.
Bxf5 gxf5 28. Rd6 Re8 29. Kg2 h6 30. h4 Qc1 31. Qxf5 Qxb2+ 32. Kh3 Qe2 33. Rxb6 Kh8 34. Rd6 Rg8 35.
Rd3 c4 36. Rf3 Qe1 37. Kh2 Rd8 38. Kh3 Qh1+ 39. Kg4 Rg8+ 40. Kh5 Rg5+ 41. Qxg5 hxg5 0-1

[Event "Schack-SM 2023: Mastarklassen"]
[Site "Helsingborg Arena, Mellersta Stenbocksgatan 14, Helsingborg, Sweden"]
[Date "2023.07.04"]
[Round "4.2"]
[White "Mardell, Jimmy"]
[Black "Cederstam, Carl"]
[Result "0-1"]
[TimeControl "90 minutes for 40 moves + 30 minutes for the rest of games + 30 seconds per move from move one."]
[BlackTitle "FM"]
[WhiteElo "2160"]
[BlackElo "2196"]

1. d4 Nf6 2. c4 c5 3. d5 b5 4. cxb5 a6 5. f3 axb5 6. e4 Qa5+ 7. Bd2 b4 8. Na3 d6 9. Nc4 Qd8 10.
Bd3 e6 11. dxe6 fxe6 12. e5 dxe5 13. Nxe5 Bd6 14. Bb5+ Nbd7 15. f4 O-O 16. Ngf3 Bb7 17. Qb3 Bd5 18. Bc4 Bxe5 19. fxe5 Nb6 20.
Bxd5 Qxd5 21. Qxd5 Nfxd5 22. O-O Nc4 23. Rfc1 Rxf3 24. Rxc4 Rd3 25. Be1 b3 26. a3 Nb6 27. Rxc5 Na4 28. Rb5 Rc8 29. Rb1 Rc2 30.
Bc3 Nxc3 31. bxc3 Rdd2 32. R5xb3 Rxg2+ 33. Kh1 Rxh2+ 34. Kg1 Rcg2+ 35. Kf1 Ra2 36. Kg1 Rhg2+ 37. Kh1 h5 38. c4 Rgc2 39.
Rh3 g6 40. Rg1 Kh7 41. Rd1 Rxc4 42. Rf3 Re4 43. Rf6 Rxe5 44. Rg1 g5 45. Rb1 Kg7 46. Rf3 g4 0-1

[Event "Schack-SM 2023: Mastarklassen"]
[Site "Helsingborg Arena, Mellersta Stenbocksgatan 14, Helsingborg, Sweden"]
[Date "2023.07.04"]
[Round "4.3"]
[White "Frisk, Ellinor"]
[Black "Franzen, Per-Erik"]
[Result "1-0"]
[TimeControl "90 minutes for 40 moves + 30 minutes for the rest of games + 30 seconds per move from move one."]
[WhiteTitle "WIM"]
[WhiteElo "2178"]
[BlackElo "2025"]

1. Nf3 Nf6 2. c4 e6 3. g3 d5 4. Bg2 dxc4 5. Qa4+ Qd7 6. Qxc4 Qc6 7. b3 Qxc4 8. bxc4 Nc6 9. O-O Bb4 10.
Bb2 O-O 11. d3 Rb8 12. Nbd2 Bd7 13. Nb3 a5 14. Rab1 Rfd8 15. Ne5 a4 16. Nxc6 bxc6 17. Nd4 c5 18. Nc6 Bxc6 19. Bxc6 a3 20.
Be5 Rdc8 21. Rb3 Rb6 22. Bf3 Nd7 23. Ba1 Rcb8 24. Rd1 f6 25. Kg2 Kf7 26. h4 Rd6 27. Rdb1 Rdb6 28. e3 Ne5 29.
Be4 g6 30. Kf1 Bd2 31. Rb5 Bb4 32. Rxb6 Rxb6 33. Ke2 Nd7 34. Rb3 Ne5 35. f4 Nd7 36. g4 e5 37. Bd5+ Kg7 38. fxe5 Nxe5 39. g5 c6 40. Be4 Kf7 41. Rb1 Ng4 42. gxf6 Nxe3 43.
Kxe3 Bd2+ 44. Kxd2 Rxb1 45. Bc3 Rf1 46. Bxc6 Rf2+ 47. Ke3 1-0

[Event "Schack-SM 2023: Junior-SM"]
[Site "Helsingborg Arena, Mellersta Stenbocksgatan 14, Helsingborg, Sweden"]
[Date "2023.07.03"]
[Round "3.2"]
[White "Persson, Sebastian 2007"]
[Black "Carlsson, Ludvig"]
[Result "1-0"]
[TimeControl "90 minutes for 40 moves + 30 minutes for the rest of the game + 30 seconds per move from move one."]
[BlackTitle "IM"]
[WhiteElo "1947"]
[BlackElo "2373"]

1. d4 Nf6 2. Nf3 e6 3. c4 c5 4. e3 cxd4 5. exd4 d5 6. Nc3 Be7 7. cxd5 Nxd5 8. Bc4 Nxc3 9. bxc3 O-O 10.
O-O b6 11. Bf4 Bb7 12. Rc1 Nd7 13. Bd3 Nf6 14. Re1 Rc8 15. Qe2 Qd5 16. Be5 Rfd8 17. h3 Nd7 18. Qc2 Nf8 19. h4 Qa5 20.
Ng5 g6 21. Re3 Ba3 22. h5 Bxc1 23. hxg6 fxg6 24. Nxh7 Bxe3 25. Bxg6 Rxc3 26. Nf6+ Kh8 27. Nd5+ Kg8 28. Ne7# 1-0

[Event "Schack-SM 2023: Veteran-SM 65+"]
[Site "Helsingborg Arena, Mellersta Stenbocksgatan 14, Helsingborg, Sweden"]
[Date "2023.07.03"]
[Round "3.2"]
[White "Green, Per"]
[Black "Malmdin, Nils-Ake"]
[Result "0-1"]
[TimeControl "90 minutes for 40 moves + 30 minutes for the rest of games + 30 seconds per move from move one."]
[BlackTitle "FM"]
[WhiteElo "1898"]
[BlackElo "2091"]

1. c4 g6 2. g3 Bg7 3. Bg2 c5 4. Nc3 Nc6 5. Nf3 d6 6. O-O Bf5 7. h3 Qc8 8. Kh2 h6 9. d3 g5 10.
a3 g4 11. hxg4 Bxg4 12. Bd2 h5 13. Bg5 Nh6 14. Rb1 Nf5 15. Nh4 Nfd4 16. f3 Bd7 17. Ne4 a5 18. Nc3 Ne6 19. Bd2 Nc7 20.
Ne4 Rg8 21. Bc3 Ne5 22. Qd2 f5 23. Nf2 Bf6 24. Qh6 Rh8 25. Qd2 Rg8 26. Nh3 Be6 27. Bxa5 Kd7 28. Nf4 Rg5 29. Bxc7 Kxc7 30.
Bh3 Bf7 31. e4 e6 32. exf5 exf5 33. Nd5+ Bxd5 34. cxd5 Qg8 35. Nxf5 Qxd5 36. Nh4 Rag8 37. f4 Rxg3 38. Ng2 Nf3+ 39.
Rxf3 Qxf3 0-1

[Event "Schack-SM 2023: Veteran-SM 50+"]
[Site "Helsingborg Arena, Mellersta Stenbocksgatan 14, Helsingborg, Sweden"]
[Date "2023.07.03"]
[Round "3.2"]
[White "Petersson, Kjell"]
[Black "Moborn, Anders"]
[Result "1/2-1/2"]
[TimeControl "90 minutes for 40 moves + 30 minutes for the rest of games + 30 seconds per move from move one."]
[WhiteTitle "CM"]
[WhiteElo "2061"]
[BlackElo "1956"]

1. d4 d5 2. Bf4 Nf6 3. e3 c5 4. c3 Nc6 5. Nd2 Qb6 6. Qb3 c4 7. Qc2 g6 8. e4 Nxe4 9. Nxe4 dxe4 10.
Bxc4 Bg7 11. Qb3 Qxb3 12. axb3 e5 13. dxe5 Nxe5 14. Bxe5 Bxe5 15. Ne2 Ke7 1/2-1/2

[Event "Schack-SM 2023: Sverigemastarklassen"]
[Site "Helsingborg Arena, Mellersta Stenbocksgatan 14, Helsingborg, Sweden"]
[Date "2023.07.03"]
[Round "3.1"]
[White "Sivuk, Vitaly"]
[Black "Hector, Jonny"]
[Result "1-0"]
[TimeControl "90 minutes for 40 moves + 30 minutes for the rest of the game + 30 seconds per move from move one."]
[WhiteTitle "GM"]
[BlackTitle "GM"]
[WhiteElo "2432"]
[BlackElo "2481"]

1. e4 e5 2. Nf3 Nc6 3. Bb5 a6 4. Ba4 Bc5 5. O-O Nge7 6. c3 Ba7 7. d4 Ng6 8. Bg5 f6 9. Be3 O-O 10.
Nbd2 d6 11. Re1 f5 12. exf5 Bxf5 13. Bxc6 bxc6 14. dxe5 c5 15. exd6 cxd6 16. c4 Qf6 17. Bg5 Qxb2 18. Ne4 Bxe4 19. Rxe4 Qb7 20. Re6 Bb8 21. h4 Ra7 22. Rb1 Qf7 23. Qd5 Kh8 24. Re2 h6 25. h5 Nf4 26. Bxf4 Qxf4 27. g3 Qf6 28. Nh4 Kh7 29. Qe4+ Kg8 30. Ng6 Rd8 31. Qe8+ Rxe8 32. Rxe8+ Kf7 33. Rf8+ 1-0

[Event "Schack-SM 2023: Junior-SM"]
[Site "Helsingborg Arena, Mellersta Stenbocksgatan 14, Helsingborg, Sweden"]
[Date "2023.07.03"]
[Round "3.3"]
[White "Ostlund, Joar"]
[Black "Dingertz, Erik"]
[Result "1/2-1/2"]
[TimeControl "90 minutes for 40 moves + 30 minutes for the rest of the game + 30 seconds per move from move one."]
[WhiteTitle "CM"]
[WhiteElo "2265"]
[BlackElo "2090"]

1. d4 Nf6 2. c4 e6 3. g3 d5 4. Bg2 Be7 5. Nf3 O-O 6. O-O dxc4 7. Qc2 a6 8. a4 Bd7 9. Qxc4 Bc6 10.
Bg5 Bd5 11. Qc2 Be4 12. Qc1 Nc6 13. Nbd2 Bg6 14. e3 h6 15. Bxf6 Bxf6 16. Nb3 e5 17. dxe5 Nxe5 18. Nxe5 Bxe5 19.
Nc5 c6 20. Rd1 Qa5 21. Nd7 Rfe8 22. Qd2 Qxd2 23. Rxd2 Rad8 24. Rad1 Bh5 25. f3 b5 26. g4 Bg6 27. f4 Bc7 28. f5 Bh7 29. Bxc6 Rxe3 30. axb5 axb5 31.
Bxb5 h5 32. Nf6+ gxf6 33. Rxd8+ Bxd8 34. Rxd8+ Kg7 35. Bd3 hxg4 36. Rd5 Re1+ 37. Kf2 Rd1 38. Ke3 Rh1 39. Rd4 Rxh2 40. Rxg4+ Kf8 41.
b4 Rh3+ 42. Ke4 Rxd3 43. Kxd3 Bxf5+ 44. Re4 Bxe4+ 1/2-1/2

[Event "Schack-SM 2023: Veteran-SM 65+"]
[Site "Helsingborg Arena, Mellersta Stenbocksgatan 14, Helsingborg, Sweden"]
[Date "2023.07.03"]
[Round "3.3"]
[White "Ivarsson, Torbjorn"]
[Black "Haggvik, Kjell"]
[Result "1-0"]
[TimeControl "90 minutes for 40 moves + 30 minutes for the rest of games + 30 seconds per move from move one."]
[WhiteElo "2073"]
[BlackElo "1683"]

1. d4 d5 2. Nf3 Nf6 3. e3 Bg4 4. c4 e6 5. Qb3 Qc8 6. Ne5 Bf5 7. Nc3 c6 8. Be2 Nbd7 9. f4 Bd6 10.
O-O Ne4 11. Bf3 Nxc3 12. Qxc3 Nf6 13. b3 O-O 14. Qe1 Qc7 15.
Bd2 Ne4 16. g4 Bxe5 17. gxf5 Nxd2 18. Qxd2 Bf6 19. fxe6 fxe6 20. Rac1 Rad8 21. Kh1 Kh8 22. Qg2 Qe7 23. Qh3 g5 24.
Bg4 gxf4 25. exf4 Bxd4 26. Bxe6 dxc4 27. bxc4 Qf6 28. Rcd1 Rde8 29. f5 Rd8 30. Rd3 Qe5 31. Qg4 Qxe6 32.
Rxd4 Rxd4 33. Qxd4+ Qf6 34. Qxa7 Qe5 35. Qf2 Qe4+ 36. Qg2 Qxg2+ 37. Kxg2 Kg7 38. Kg3 Kf6 39. Rd1 Ra8 40.
Kf4 Ra4 41. Rd6+ Ke7 42. Rh6 Rxc4+ 43. Kg5 Rc2 44. Rxh7+ Kd6 45. h4 Rxa2 46. Rxb7 Ke5 47. Re7+ Kd6 48. Re6+ Kd7 49. Re4 Rg2+ 50.
Rg4 Re2 51. h5 Ke7 52. Kg6 c5 53. h6 c4 54. h7 Rh2 55. Re4+ Kf8 56. Rxc4 1-0

[Event "Schack-SM 2023: Veteran-SM 50+"]
[Site "Helsingborg Arena, Mellersta Stenbocksgatan 14, Helsingborg, Sweden"]
[Date "2023.07.03"]
[Round "3.3"]
[White "Karlsson, Ulf"]
[Black "Bengtsson, Ola"]
[Result "1-0"]
[TimeControl "90 minutes for 40 moves + 30 minutes for the rest of games + 30 seconds per move from move one."]
[WhiteElo "1968"]
[BlackElo "1991"]

1. e4 c5 2. Nc3 Nc6 3. g3 g6 4. Bg2 Bg7 5. d3 e5 6. f4 d6 7. Nh3 Nge7 8. O-O f5 9. Be3 O-O 10.
Qd2 exf4 11. Nxf4 Ne5 12. Kh1 Ng4 13. Bg1 Rb8 14. h3 Nf6 15. Rae1 g5 16. Nfe2 h6 17. Be3 b5 18. Nd5 fxe4 19.
Nxf6+ Bxf6 20. dxe4 Be5 21. h4 Be6 22. hxg5 h5 23. Nf4 Bg4 24. Nd5 Bxg3 25. Rxf8+ Qxf8 26. Rf1 Qg7 27. Nf6+ Kh8 28.
Bf4 Bh4 29. Qxd6 Rc8 30. Nxg4 1-0